 Dungeon Sprint DCSS version 0.22-a0-580-gd5db89c (webtiles) character file.

605169 raistware the Formicid Cataclysm (level 23, 156/175 HPs)
             Began as a Formicid Fighter on July 2, 2018.
             Was a High Priest of Qazlal.
             Escaped with the Orb!
             The game lasted 01:00:48 (3657 turns).

raistware the Formicid Cataclysm (Formicid Fighter) Turns: 3657, Time: 01:00:49

Health: 156/175    AC: 50    Str: 31    XL:     23   Next: 92%
Magic:  54/54      EV: 25    Int: 10    God:    Qazlal [*****.]
Gold:   0          SH: 47    Dex: 19    Spells: 61/76 levels left

rFire    + + .     SeeInvis +   J - +9 double sword (holy)
rCold    + + .     Gourm    .   I - +18 shield of the Gong {rElec rN+ MR+ EV-5}
rNeg     + . .     Faith    .   o - +12 gold dragon scales
rPois    +         Spirit   .   (helmet unavailable)
rElec    +         Reflect  +   X - +1 cloak of Starlight {rElec rC+ EV+4 Stlth--}
rCorr    .         Harm     .   E - +2 pair of gloves {Dex+3}
MR       +++..                  R - +2 pair of boots {Stlth+}
Stlth    ..........             c - amulet of Fayrila {Reflect Str+2 SH+4}
HPRegen  0.39/turn              V - ring of Mistrust {+Fly rF+ Dex+6}
MPRegen  0.34/turn              P - ring of wizardry

@: repel missiles
A: permanent stasis, dig shafts and tunnels, four strong arms, antennae 3, frail
2
0: Orb of Zot
a: Dig, Upheaval, Elemental Force, Disaster Area, Renounce Religion, Evoke
Flight


You escaped.
You worshipped Qazlal.
Qazlal was extremely pleased with you.
You were not hungry.

You visited 1 branch

Inventory:

Hand Weapons
 a - a +9 triple sword of flaming
 G - the +11 plutonium sword {*Contam Stlth-}
   (You found it in the Dungeon)

   It causes magical contamination when unequipped.
   It makes you less stealthy.
 J - a +9 double sword of holy wrath (weapon)
Armour
 o - +12 gold dragon scales (worn)
 E - a +2 pair of gloves of dexterity (worn)
 I - the +18 shield of the Gong (worn) {rElec rN+ MR+ EV-5}
   (You found it in the Dungeon)

   It affects your evasion (-5).
   It insulates you from electricity.
   It protects you from negative energy.
   It affects your resistance to hostile enchantments.
 R - a +2 pair of boots of stealth (worn)
 X - the +1 cloak of Starlight (worn) {rElec rC+ EV+4 Stlth--}
   (You found it in the Dungeon)

   It affects your evasion (+4).
   It protects you from cold.
   It insulates you from electricity.
   It makes you much less stealthy.
Jewellery
 c - the amulet of Fayrila (around neck) {Reflect Str+2 SH+4}
   (You found it in the Dungeon)

   [amulet of reflection]

   It shields you and reflects attacks.
   It affects your strength (+2).
   It affects your SH (+4).
 B - an uncursed ring of fire
 C - the ring "Homuduso" {rCorr *Corrode Int+6}
   (You found it in the Dungeon)

   [ring of resist corrosion]

   It affects your intelligence (+6).
   It may corrode you when you take damage.
 L - an uncursed ring of protection from fire
 M - the brooch of Shielding {Reflect SH+8}
   (You found it in the Dungeon)

   [amulet of reflection]

   It shields you and reflects attacks.
   It affects your SH (+8).
 N - the ring "Xeghumpi" {rC+ MP+9 Int+2}
   (You found it in the Dungeon)

   [ring of magical power]

   It affects your intelligence (+2).
   It protects you from cold.
   It affects your magic capacity (+9).
 P - a ring of wizardry (right hand)
 Q - the ring of Xyiblo {+Fly rPois MP+9 Str-4 Int+9}
   (You took it off a deep elf mage in the Dungeon)

   [ring of poison resistance]

   It affects your strength (-4).
   It affects your intelligence (+9).
   It protects you from poison.
   It affects your magic capacity (+9).
   It lets you fly.
 S - the ring "Deuwoby" {rF+ Str+4}
   (You took it off a cherub in the Dungeon)

   [ring of protection from fire]

   It affects your strength (+4).
   It protects you from fire.
 T - the ring "Husmioc" {rF+ MR+ Dex+4 Slay+5}
   (You found it in the Dungeon)

   [ring of protection from fire]

   It affects your dexterity (+4).
   It affects your accuracy and damage with ranged weapons and melee attacks
   (+5).
   It protects you from fire.
   It affects your resistance to hostile enchantments.
 V - the ring of Mistrust (left hand) {+Fly rF+ Dex+6}
   (You found it in the Dungeon)

   [ring of flight]

   It affects your dexterity (+6).
   It protects you from fire.
   It lets you fly.
Wands
 w - a wand of disintegration (7)
 x - a wand of iceblast (5)
 y - a wand of acid (4)
Scrolls
 k - 4 scrolls of brand weapon
 q - 4 scrolls of amnesia
 r - 4 scrolls of fog
 s - a scroll of holy word
 t - 5 scrolls of identify
 u - 5 scrolls of remove curse
 v - 2 scrolls of fear
 z - a scroll of enchant weapon
 A - 3 scrolls of enchant armour
Potions
 d - 8 potions of might
 e - 9 potions of curing
 g - 8 potions of heal wounds
 i - 4 potions of magic
 l - 2 potions of brilliance
 m - 2 potions of invisibility
 n - 3 potions of resistance
 p - 7 potions of agility
Books
 F - a manual of Armour
Miscellaneous
 b - a fan of gales
 h - a phial of floods
 K - 6 phantom mirrors
 O - 13 sacks of spiders
Comestibles
 f - 5 rations


   Skills:
 O Level 27 Fighting
   Level 13.0(21.0) Short Blades
 + Level 25.9(26.6) Long Blades
 + Level 14.4 Throwing
 O Level 27 Armour
 O Level 27 Dodging
 + Level 17.9 Stealth
 + Level 22.6 Shields
 + Level 14.3 Unarmed Combat
 O Level 27 Spellcasting
 O Level 27 Hexes
 O Level 27 Fire Magic
 O Level 27 Invocations
 O Level 27 Evocations


You had 61 spell levels left.
You knew the following spells:

 Your Spells              Type           Power        Failure   Level  Hunger
a - Confuse               Hex            ######..     0%          3    None
b - Inner Flame           Hex/Fire       ######..     0%          3    None
c - Fire Storm            Conj/Fire      #####.....   100%        9    #######

Your spell library contained the following spells:

 Spells                   Type           Power        Failure   Level  Hunger
 Cause Fear               Hex            ######....   0%          4    None
 Magic Dart               Conj           ##..         4%          1    None
 Fireball                 Conj/Fire      #####.....   1%          5    ####...
 Apportation              Tloc           ##....       4%          1    None
 Conjure Flame            Conj/Fire      #####...     1%          3    None
 Bolt of Fire             Conj/Fire      #####.....   2%          6    #####..
 Lightning Bolt           Conj/Air       ##........   75%         5    ####...
 Bolt of Magma            Conj/Fire/Erth ####......   3%          5    ####...
 Slow                     Hex            ######..     0%          2    None
 Invisibility             Hex            ######..     1%          6    #####..
 Throw Flame              Conj/Fire      #####.       1%          2    None
 Throw Frost              Conj/Ice       ##....       8%          2    None
 Controlled Blink         Tloc           N/A          100%        8    #######
 Mephitic Cloud           Conj/Pois/Air  ##......     14%         3    None
 Ring of Flames           Chrm/Fire      #####.....   16%         7    #######
 Venom Bolt               Conj/Pois      ##........   75%         5    ####...
 Teleport Other           Tloc           ##......     14%         3    None
 Summon Small Mammal      Summ           ##..         4%          1    None
 Lehudib's Crystal Spear  Conj/Erth      ##........   100%        8    #######
 Blink                    Tloc           N/A          8%          2    None
 Iskenderun's Mystic Bla  Conj           ##......     41%         4    None
 Summon Horrible Things   Summ           ##........   100%        8    #######
 Animate Dead             Necr           N/A          41%         4    None
 Freeze                   Ice            ##..         4%          1    None
 Sticky Flame             Conj/Fire      #####...     1%          4    None
 Summon Ice Beast         Ice/Summ       ##......     41%         4    None
 Ozocubu's Armour         Chrm/Ice       ##......     14%         3    None
 Call Imp                 Summ           ##......     8%          2    None
 Poison Arrow             Conj/Pois      ##........   99%         6    #####..
 Sting                    Conj/Pois      ##..         4%          1    None
 Sublimation of Blood     Necr           ##........   8%          2    None
 Tukima's Dance           Hex            ######..     0%          3    None
 Summon Demon             Summ           ##........   75%         5    ####...
 Summon Greater Demon     Summ           ##........   100%        7    #######
 Corpse Rot               Necr           N/A          8%          2    None
 Iron Shot                Conj/Erth      ##........   99%         6    #####..
 Stone Arrow              Conj/Erth      ##....       14%         3    None
 Shock                    Conj/Air       ##..         4%          1    None
 Swiftness                Chrm/Air       ##......     8%          2    None
 Recall                   Summ/Tloc      N/A          14%         3    None
 Agony                    Necr           ##......     75%         5    ####...
 Spider Form              Tmut/Pois      ##........   14%         3    None
 Blade Hands              Tmut           ##........   75%         5    ####...
 Statue Form              Tmut/Erth      ##.......    99%         6    #####..
 Ice Form                 Ice/Tmut       ##......     41%         4    None
 Dragon Form              Tmut           ##........   100%        7    #######
 Deflect Missiles         Chrm/Air       ##........   99%         6    #####..
 Throw Icicle             Conj/Ice       ##......     41%         4    None
 Glaciate                 Conj/Ice       ##........   100%        9    #######
 Airstrike                Air            ##........   41%         4    None
 Shadow Creatures         Summ           N/A          99%         6    #####..
 Confusing Touch          Hex            ######       0%          1    None
 Flame Tongue             Conj/Fire      #####        1%          1    None
 Passwall                 Tmut/Erth      ##......     8%          2    None
 Ignite Poison            Fire/Tmut/Pois ####....     1%          3    None
 Sticks to Snakes         Tmut           ##......     8%          2    None
 Call Canine Familiar     Summ           ##......     14%         3    None
 Ensorcelled Hibernation  Hex/Ice        #####.       1%          2    None
 Metabolic Englaciation   Hex/Ice        #####.....   1%          5    ####...
 Summon Butterflies       Summ           ##......     4%          1    None
 Silence                  Hex/Air        #####.....   1%          5    ####...
 Shatter                  Erth           ##........   100%        9    #######
 Dispersal                Tloc           ##........   99%         6    #####..
 Static Discharge         Conj/Air       ##......     14%         3    None
 Corona                   Hex            ######.      0%          1    None
 Alistair's Intoxication  Tmut/Pois      ##......     75%         5    ####...
 Lee's Rapid Deconstruct  Erth           ##........   75%         5    ####...
 Simulacrum               Ice/Necr       ##........   99%         6    #####..
 Conjure Ball Lightning   Conj/Air       ##........   99%         6    #####..
 Chain Lightning          Conj/Air       ##........   100%        8    #######
 Portal Projectile        Hex/Tloc       #####.       1%          3    None
 Monstrous Menagerie      Summ           ##........   100%        7    #######
 Petrify                  Tmut/Erth      ##......     41%         4    None
 Passage of Golubria      Tloc           N/A          41%         4    None
 Orb of Destruction       Conj           ##........   100%        7    #######
 Malign Gateway           Summ/Tloc      ##........   100%        7    #######
 Tornado                  Air            ##........   100%        9    #######
 Leda's Liquefaction      Hex/Erth       #####.....   1%          4    None
 Summon Hydra             Summ           ##........   100%        7    #######
 Darkness                 Hex            ######....   1%          6    #####..
 Shroud of Golubria       Chrm/Tloc      ##........   8%          2    None
 Aura of Abjuration       Summ           ##........   75%         5    ####...
 Beastly Appendage        Tmut           ##....       4%          1    None
 Disjunction              Tloc           ##........   100%        8    #######
 Iskenderun's Battlesphe  Conj/Chrm      ##......     75%         5    ####...
 Fulminant Prism          Conj/Hex       #####.....   1%          4    None
 Dazzling Spray           Conj/Hex       #####.       1%          3    None
 Force Lance              Conj/Tloc      ##......     41%         4    None
 Infusion                 Chrm           ##..         4%          1    None
 Searing Ray              Conj           ##....       8%          2    None
 Summon Forest            Summ/Tloc      ##........   75%         5    ####...
 Summon Lightning Spire   Summ/Air       ##......     41%         4    None
 Dragon's Call            Summ           ##........   100%        9    #######
 Spellforged Servitor     Conj/Summ      ##........   100%        7    #######
 Summon Mana Viper        Hex/Summ       #####...     1%          5    ####...
 Hydra Form               Tmut           ##........   99%         6    #####..
 Irradiate                Conj/Tmut      ##........   75%         5    ####...
 Gell's Gravitas          Tloc           ##........   14%         3    None
 Yara's Violent Unravell  Hex/Tmut       #####.....   1%          5    ####...
 Lesser Beckoning         Tloc           ##........   14%         3    None
 Poisonous Vapours        Pois/Air       ##....       8%          2    None
 Ignition                 Fire           ######....   1%          8    #######
 Borgnjor's Vile Clutch   Necr/Erth      ##........   75%         5    ####...


Dungeon Overview and Level Annotations

Branches:
Dungeon (1/1)

Altars:
Ashenzari
Cheibriados
Dithmenos
Elyvilon
Fedhas
Gozag
Hepliaklqana
Kikubaaqudgha
Makhleb
Nemelex Xobeh
Okawaru
Qazlal
Ru
Sif Muna
Trog
Uskayaw
Vehumet
Wu Jian
Xom
Yredelemnul
Zin
The Shining One
Beogh
Jiyva
Lugonu


Innate Abilities, Weirdness & Mutations

You cannot be hasted, slowed, berserked, paralysed or teleported.
You can dig through walls and to a lower floor.
Your four strong arms can wield two-handed weapons with a shield.
You have a pair of large antennae on your head. (SInv)
You are very frail. (-20% HP)


Message History

You see here a book of Misfortune.
You see here a book of the Warp.
Drop what? 46/52 slots (_ for help) (? for menu, Esc to quit)
You drop the ring "Zuxuzef" {Wiz rF- rN+ Str+3}.
You see here a +4 ring mail of fire resistance.
There is a transporter here.
You start resting.
An exit appears before you!
You enter the transporter and appear at another place.
Found the Orb of Zot.
Found a staircase leading out of the dungeon.
You see here the Orb of Zot.
You pick up the Orb of Zot!
The Orb lets out a hideous shriek!
The lords of Pandemonium are not amused.
Beware!
Now all you have to do is get back out of the dungeon!
There is a staircase leading out of the dungeon here.
You start resting.
You sense a monster nearby.
You can't go down here!
You have escaped!

....).).....▓.....†)......▓...8©8
....).......▓..▓..†....▓..▓..[[!|
....).......▓.............▓...}.|
..))........▓.............▓...(..
....).......▓....≈.§§.....▓....).
............▓▓▓▓▓▓▓▓▓▓▓▓▓▓▓......
▓....)..▓...▓8888888888888▓......
▓▓.....▓▓▓..▓8...§§......8▓......
▓.......▓...▓8..@§....©..8▓......
............▓8..§........8▓....©.
....©.......▓8888888888888▓▓▓▓▓▓▓
▓▓▓▓▓▓▓▓▓▓▓▓▓▓▓▓▓▓▓▓▓▓▓▓▓▓▓▓▓▓▓▓▓
...:.8©8..).|[.)▓..{.....8©8.....
.[|..)}}..)..|..▓.:)):.)==)[[=))}
)[).)...)=......▓."==:|.[=)}[)::)
))[)[..[...|.)).▓.).[)[".).}.....
..........).....▓......[....".÷..


There were no monsters in sight!

Vanquished Creatures
  A juggernaut (shapeshifter) (D)
  A shard shrike (shapeshifter) (D)
  49 pandemonium lords (D)
  A caustic shrike (shapeshifter) (D)
  2 pearl dragons (D)
  A Tzitzimitl (D)
  An iron giant (D)
  A Hell Sentinel (D)
  An Ice Fiend (D)
  2 titans (shapeshifter) (D)
  3 acid blobs (D)
  4 deep elf master archers (D)
  A quicksilver dragon (shapeshifter) (D)
  9 krakens (D)
  An acid blob (shapeshifter) (D)
  5 deep elf blademasters (D)
  2 eldritch tentacles (D)
  7 shadow dragons (D)
  4 azure jellies (D)
  A daeva (D)
  A frost giant (shapeshifter) (D)
  A fire giant (shapeshifter) (D)
  6 deep elf sorcerers (D)
  A frost giant (D)
  A warmonger (D)
  An iron dragon (shapeshifter) (D)
  A ghost moth (shapeshifter) (D)
  3 balrugs (D)
  An angel (D)
  A cacodemon (D)
  2 ghouls (D)
  8 reapers (D)
  A stone giant (D)
  A black sun (D)
  A very ugly thing (D)
  4 ophanim (D)
  2 apis (D)
  A corrupter (D)
  A deep elf demonologist (D)
  9 deep elf annihilators (D)
  A crystal guardian (D)
  4 blizzard demons (D)
  8 merfolk javelineers (D)
  10 merfolk impalers (D)
  2 death oozes (D)
  6 deep elf high priests (D)
  A green death (D)
  A hell beast (D)
  2 hydras (D)
  2 ice dragons (D)
  A monstrous demonspawn (D)
  5 dancing weapons (D)
  6 merfolk aquamancers (D)
  2 two-headed ogres (shapeshifter) (D)
  A satyr (D)
  A hell hog (D)
  8 soul eaters (D)
  An iron troll (shapeshifter) (D)
  6 iron golems (D)
  4 deep elf knights (D)
  A sun demon (D)
  A skeletal warrior (D)
  2 glowing orange brains (shapeshifter) (D)
  An infernal demonspawn (D)
  11 sea snakes (D)
  3 flayed ghosts (D)
  2 unseen horrors (shapeshifter) (D)
  3 glowing orange brains (D)
  A shadow demon (D)
  2 cherubim (D)
  A swamp dragon (shapeshifter) (D)
  6 deep elf archers (D)
  3 harpies (D)
  A lindwurm (shapeshifter) (D)
  An ugly thing (D)
  2 shining eyes (shapeshifter) (D)
  A glowing shapeshifter (D)
  A shining eye (D)
  15 deep elf magi (D)
  A wolf spider (shapeshifter) (D)
  2 cyclopes (shapeshifter) (D)
  8 manticores (D)
  3 cyclopes (D)
  2 merfolk sirens (D)
  6 toenail golems (D)
  5 rust devils (D)
  A black mamba (D)
  2 smoke demons (D)
  3 orange demons (D)
  2 eyes of devastation (D)
  A water nymph (D)
  2 torpor snails (shapeshifter) (D)
  A water nymph (shapeshifter) (D)
  2 gargoyles (D)
  A torpor snail (D)
  2 eyes of devastation (shapeshifter) (D)
  3 spiny frogs (D)
  A rime drake (D)
  5 ice devils (D)
  A hellwing (D)
  4 hellions (D)
  A freezing wraith (D)
  3 tormentors (D)
  A yaktaur (shapeshifter) (D)
  4 red devils (D)
  A queen bee (shapeshifter) (D)
  A polar bear (D)
  A jumping spider (D)
  A jumping spider (shapeshifter) (D)
  10 merfolk (D)
  A polar bear (shapeshifter) (D)
  A meliai (shapeshifter) (D)
  A blink frog (D)
  6 snapping turtles (D)
  A blink frog (shapeshifter) (D)
  2 slime creatures (shapeshifter) (D)
  6 wind drakes (D)
  8 slime creatures (D)
  3 hippogriffs (D)
  2 shadows (D)
  6 air elementals (D)
  3 water elementals (D)
  A spriggan (D)
  A wyvern (shapeshifter) (D)
  A tarantella (shapeshifter) (D)
  A hog (shapeshifter) (D)
  A human (shapeshifter) (D)
  A yak (D)
  2 neqoxecs (D)
  2 fire elementals (D)
  A chaos spawn (D)
  An insubstantial wisp (D)
  A soldier ant (shapeshifter) (D)
  2 swamp worms (shapeshifter) (D)
  A floating eye (shapeshifter) (D)
  3 hell hounds (D)
  2 water moccasins (D)
  2 porcupines (D)
  A sky beast (shapeshifter) (D)
  An eye of draining (shapeshifter) (D)
  2 phantoms (D)
  An eye of draining (D)
  4 necrophages (D)
  4 wolves (D)
  An ice beast (D)
  A crocodile (D)
  An ogre (shapeshifter) (D)
  2 centaurs (D)
  2 bullfrogs (D)
  3 earth elementals (D)
  A scorpion (D)
  2 wights (D)
  A crimson imp (D)
  5 jellies (D)
  A quasit (D)
  7 iron imps (D)
  A river rat (D)
  3 white imps (D)
  An ufetubus (D)
  2 oozes (D)
  4 adder zombies (D)
  9 adder skeletons (D)
  A worm (shapeshifter) (D)
  An adder simulacrum (D)
  6 bat skeletons (D)
  4 bat zombies (D)
  2 ball python zombies (D)
  4 giant cockroach zombies (D)
  A jackal skeleton (D)
  3 leopard gecko skeletons (D)
  3 quokka skeletons (D)
  6 quokka zombies (D)
  16 tentacles (D)
525 creatures vanquished.

Vanquished Creatures (others)
  A deep elf master archer (D)
  2 merfolk javelineers (D)
  A satyr (D)
  A deep elf archer (D)
  2 insubstantial wisps (D)
  A centaur (D)
  An adder skeleton (D)
  A bat skeleton (D)
  A bat zombie (D)
  20 tentacles (D)
31 creatures vanquished.

Grand Total: 556 creatures vanquished

Notes
Turn   | Place    | Note
-------+----------+-------------------------------------------
     0 | D        | Found the +6 Majin-Bo {vamp, Archmagi MP+6 Int+6}
     0 | D        | Found the +7 great mace "Firestarter" {inner flame, rF++}
     0 | D        | raistware the Formicid Fighter began the quest for the Orb.
     0 | D        | Reached XP level 1. HP: 18/18 MP: 1/1
     0 | D        | Found a deep blue altar of Sif Muna.
     0 | D        | Found a sacrificial altar of Ru.
     0 | D        | Found a bloodstained altar of Trog.
     0 | D        | Found a stormy altar of Qazlal.
     0 | D        | Found an iron altar of Okawaru.
     0 | D        | Found a sparkling altar of Nemelex Xobeh.
     0 | D        | Found a blossoming altar of Fedhas.
     2 | D        | Found a transporter.
     2 | D        | Found an ancient bone altar of Kikubaaqudgha.
     2 | D        | Found a viscous altar of Jiyva.
     2 | D        | Found a corrupted altar of Lugonu.
     2 | D        | Found a hazy altar of Hepliaklqana.
     2 | D        | Found a burning altar of Makhleb.
     2 | D        | Found an opulent altar of Gozag.
    17 | D        | Found the +6 shillelagh "Devastator" {shatter}
    17 | D        | Found the +11 plutonium sword {*Contam Stlth-}
    17 | D        | Found the +8 lance "Wyrmbane" {slay drac, rPois rF+ rC+ AC+3}
    17 | D        | Found the +9 sword of Zonguldrok {reap}
    17 | D        | Found the cursed +13 scythe of Curses {drain, *Curse}
    17 | D        | Found the +0 sword of Power
    17 | D        | Found the -4 mace of Variability {chaos}
    17 | D        | Found the +7 Singing Sword
    17 | D        | Found the +7 longbow "Piercer" {penet, EV-2}
    21 | D        | Found the +9 heavy crossbow "Sniper" {velocity, Acc+∞ SInv}
    21 | D        | Found the +10 dark maul {crush}
    21 | D        | Found the +15 Maxwell's patent armour {-Cast -Tele rElec MR+ rCorr}
    21 | D        | Found the +18 shield of the Gong {rElec rN+ MR+ EV-5}
    21 | D        | Found the cursed +14 obsidian axe {chop, +Fly SInv *Curse}
    42 | D        | Reached XP level 2. HP: 24/24 MP: 2/2
    77 | D        | Became a worshipper of Qazlal Stormbringer
    87 | D        | Entered arena 2.
    87 | D        | Noticed a jumping spider
    87 | D        | Noticed a scorpion
    87 | D        | Found a transporter.
    94 | D        | Killed a scorpion
    94 | D        | Reached XP level 3. HP: 22/29 MP: 3/3
    94 | D        | Reached XP level 4. HP: 27/35 MP: 4/4
   110 | D        | Killed a jumping spider
   110 | D        | Reached skill level 5 in Long Blades
   110 | D        | Reached skill level 10 in Armour
   110 | D        | Reached XP level 5. HP: 21/41 MP: 5/5
   110 | D        | Reached XP level 6. HP: 25/47 MP: 6/6
   256 | D        | Entered arena 3.
   256 | D        | Noticed a deep elf knight
   256 | D        | Noticed an air elemental
   256 | D        | Noticed a deep elf mage
   256 | D        | Found a transporter.
   259 | D        | Killed an air elemental
   259 | D        | Reached * piety under Qazlal
   259 | D        | Reached XP level 7. HP: 44/52 MP: 7/7
   260 | D        | Killed a deep elf mage
   260 | D        | Reached skill level 10 in Long Blades
   260 | D        | Reached skill level 10 in Shields
   264 | D        | Killed a deep elf knight
   264 | D        | Reached XP level 8. HP: 47/58 MP: 8/8
   319 | D        | Entered arena 4.
   319 | D        | Noticed a spriggan
   319 | D        | Found a transporter.
   321 | D        | Reached ** piety under Qazlal
   321 | D        | Reached skill level 1 in Invocations
   327 | D        | Reached skill level 5 in Dodging
   330 | D        | Killed a spriggan
   330 | D        | Reached XP level 9. HP: 56/64 MP: 8/11
   355 | D        | Entered arena 5.
   355 | D        | Found a transporter.
   366 | D        | Reached *** piety under Qazlal
   374 | D        | Got the ring "Vufidedgh" {*Slow MR+ Int+6 SInv}
   376 | D        | Got the ring "Afemeur" {*Contam rF- Dex+9 SInv Stlth+}
   463 | D        | Entered arena 6.
   463 | D        | Found a transporter.
   471 | D        | Reached **** piety under Qazlal
   471 | D        | Reached skill level 5 in Invocations
   500 | D        | Entered arena 7.
   501 | D        | Found a transporter.
   505 | D        | Reached ***** piety under Qazlal
   525 | D        | Entered arena 8.
   525 | D        | Noticed an eye of devastation
   538 | D        | Killed an eye of devastation
   539 | D        | Found a transporter.
   540 | D        | Reached XP level 10. HP: 70/70 MP: 0/15
   557 | D        | Got the amulet of Fayrila {Reflect Str+2 SH+4}
   645 | D        | Entered arena 9.
   645 | D        | Noticed a toenail golem
   645 | D        | Noticed a toenail golem
   645 | D        | Noticed a toenail golem
   645 | D        | Noticed a toenail golem
   645 | D        | Noticed a toenail golem
   645 | D        | Noticed a gargoyle
   645 | D        | Noticed a toenail golem
   646 | D        | Found a transporter.
   656 | D        | Killed a toenail golem
   662 | D        | Killed a toenail golem
   662 | D        | Killed a toenail golem
   667 | D        | Killed a toenail golem
   667 | D        | Reached skill level 15 in Long Blades
   669 | D        | Killed a toenail golem
   669 | D        | Reached ****** piety under Qazlal
   682 | D        | Killed a toenail golem
   683 | D        | Killed a gargoyle
   696 | D        | Got the ring "Vasm" {*Corrode rC+ rN+ MR+ Stlth+}
   706 | D        | Entered arena 10.
   706 | D        | Noticed a cyclops
   707 | D        | Found a transporter.
   708 | D        | Identified the +10 battleaxe "Dunlur" {freeze, rN+ Str+3 Dex+3}
   712 | D        | Reached XP level 11. HP: 67/75 MP: 9/18
   716 | D        | Killed a cyclops
   719 | D        | Reached skill level 10 in Invocations
   762 | D        | Entered arena 11.
   762 | D        | Noticed Haemmamm the pandemonium lord
   762 | D        | Noticed Gulusem the pandemonium lord
   762 | D        | Noticed Guujip the pandemonium lord
   763 | D        | Found the +4 Vampire's Tooth {vamp}
   763 | D        | Found the brooch of Shielding {Reflect SH+8}
   773 | D        | Killed Guujip the pandemonium lord
   787 | D        | Noticed a shadow wraith
   792 | D        | Killed Haemmamm the pandemonium lord
   792 | D        | Reached XP level 12. HP: 25/81 MP: 13/25
   795 | D        | Killed Gulusem the pandemonium lord
   796 | D        | Found a transporter.
   813 | D        | Got the ring "Xeghumpi" {rC+ MP+9 Int+2}
   961 | D        | Entered arena 12.
   961 | D        | Noticed a red very ugly thing
   961 | D        | Noticed a death drake
   962 | D        | Gained mutation: You are frail. (-10% HP) [a neqoxec]
   963 | D        | Noticed a two-headed ogre
   963 | D        | an eye of devastation changed into a two-headed ogre
   966 | D        | Gained mutation: You are very frail. (-20% HP) [a shining eye]
   967 | D        | Killed a two-headed ogre
   967 | D        | Noticed a sea snake
   967 | D        | a shining eye changed into a sea snake
   968 | D        | Noticed a glowing orange brain
   968 | D        | a death drake changed into a glowing orange brain
   970 | D        | Noticed a death drake
   970 | D        | a guardian serpent changed into a death drake
   970 | D        | Noticed a swamp dragon
   970 | D        | a glowing orange brain changed into a swamp dragon
   972 | D        | a swamp dragon changed into a cyclops
   974 | D        | a sea snake changed into a cyclops
   975 | D        | Noticed a shock serpent
   975 | D        | a cyclops changed into a shock serpent
   977 | D        | Killed a brown very ugly thing
   977 | D        | a death drake changed into a shining eye
   977 | D        | Noticed a deep troll
   977 | D        | a shock serpent changed into a deep troll
   978 | D        | a deep troll changed into a snapping turtle
   989 | D        | Found a transporter.
  1272 | D        | Entered arena 13.
  1272 | D        | Noticed an iron golem
  1272 | D        | Noticed a stone giant
  1272 | D        | Noticed a crystal guardian
  1272 | D        | Noticed an iron golem
  1272 | D        | Noticed an iron golem
  1272 | D        | Noticed an iron golem
  1273 | D        | Noticed an iron golem
  1273 | D        | Noticed an iron golem
  1274 | D        | Found a transporter.
  1275 | D        | Killed a stone giant
  1275 | D        | Reached XP level 13. HP: 69/69 MP: 28/28
  1275 | D        | Killed a crystal guardian
  1275 | D        | Reached skill level 5 in Fighting
  1275 | D        | Reached skill level 10 in Dodging
  1286 | D        | Got Gowopab's Incunabulum of Venomous Flames
  1299 | D        | Entered arena 14.
  1299 | D        | Noticed Ohuph the pandemonium lord
  1300 | D        | Noticed Tuynushru the pandemonium lord
  1300 | D        | Noticed Zedah the pandemonium lord
  1300 | D        | Noticed Ropteg the pandemonium lord
  1300 | D        | Noticed a torturous warmonger
  1300 | D        | Noticed Yseffix the pandemonium lord
  1300 | D        | Noticed a balrug
  1300 | D        | Noticed a monstrous demonspawn
  1302 | D        | Killed a balrug
  1302 | D        | Killed Tuynushru the pandemonium lord
  1302 | D        | Reached skill level 15 in Armour
  1302 | D        | Reached XP level 14. HP: 86/86 MP: 26/29
  1303 | D        | Killed a torturous warmonger
  1303 | D        | Reached skill level 10 in Fighting
  1303 | D        | Killed Yseffix the pandemonium lord
  1303 | D        | Killed Zedah the pandemonium lord
  1303 | D        | Killed Ohuph the pandemonium lord
  1348 | D        | Found a transporter.
  1354 | D        | Killed Ropteg the pandemonium lord
  1354 | D        | Reached XP level 15. HP: 52/99 MP: 21/31
  1362 | D        | Got the ring of the Priest {+Blink rF+ MR+ Stlth+}
  1367 | D        | Got the Volume of Gliding Shape Shifting
  1527 | D        | Entered arena 15.
  1528 | D        | Noticed a frost giant
  1543 | D        | Killed a frost giant
  1600 | D        | Found a transporter.
  1607 | D        | Got the Incunabulum of Darkness and Enchantment
  1649 | D        | Entered arena 16.
  1653 | D        | Reached skill level 1 in Evocations
  1661 | D        | Found a transporter.
  1682 | D        | Got the ring of the Gloaming {rF+ MR+}
  1694 | D        | Entered arena 17.
  1698 | D        | Found the +3 sling "Punk" {acid, rCorr}
  1698 | D        | Reached skill level 15 in Dodging
  1698 | D        | Reached skill level 5 in Evocations
  1698 | D        | Reached skill level 15 in Fighting
  1703 | D        | Found a transporter.
  1763 | D        | Entered arena 18.
  1766 | D        | Noticed a deep elf blademaster
  1766 | D        | Noticed a deep elf master archer
  1767 | D        | Reached XP level 16. HP: 100/108 MP: 33/33
  1767 | D        | Killed a deep elf blademaster
  1774 | D        | Killed a deep elf master archer
  1775 | D        | Found a transporter.
  1829 | D        | Learned a level 3 spell: Confuse
  1830 | D        | Entered arena 19.
  1834 | D        | HP: 5/110 [hellion/damnation (20)]
  1837 | D        | Reached skill level 1 in Spellcasting
  1844 | D        | Found a transporter.
  1880 | D        | Got Vehumet's Tome of Attacks
  1885 | D        | Got the Catalogue of Boosting Air
  1889 | D        | Got the Tome of Creative Contamination
  2004 | D        | Entered arena 20.
  2016 | D        | Noticed a pearl dragon
  2016 | D        | Noticed a pearl dragon
  2018 | D        | Noticed a daeva
  2020 | D        | Killed a pearl dragon
  2020 | D        | Reached skill level 5 in Spellcasting
  2020 | D        | Killed a daeva
  2020 | D        | Reached skill level 10 in Evocations
  2030 | D        | Killed a pearl dragon
  2041 | D        | Found a transporter.
  2042 | D        | Got the ring "Deuwoby" {rF+ Str+4}
  2045 | D        | Got a brightly glowing large shield
  2056 | D        | Identified the +2 large shield of the Greedy {SInv} (You took it off a daeva in the Dungeon)
  2078 | D        | Got the ring of Mistrust {+Fly rF+ Dex+6}
  2250 | D        | Entered arena 21.
  2253 | D        | Noticed an azure jelly
  2254 | D        | Noticed an acid blob
  2254 | D        | Noticed an azure jelly
  2254 | D        | Noticed an azure jelly
  2254 | D        | Noticed an acid blob
  2255 | D        | Noticed an acid blob
  2255 | D        | Noticed an azure jelly
  2256 | D        | Killed an azure jelly
  2256 | D        | Killed an acid blob
  2256 | D        | Reached skill level 10 in Spellcasting
  2256 | D        | Killed an acid blob
  2256 | D        | Reached skill level 27 in Invocations
  2256 | D        | Killed an azure jelly
  2256 | D        | Reached XP level 17. HP: 117/118 MP: 34/34
  2259 | D        | Found a transporter.
  2259 | D        | Killed an acid blob
  2272 | D        | Got the ring "Lon Goyf" {rPois Str+4 Int+2 Dex+3}
  2284 | D        | Got the amulet "Xubrett" {Acrobat +Fly rN+ MP+9 Dex+3}
  2291 | D        | Entered arena 22.
  2296 | D        | Noticed an iron giant
  2309 | D        | Found the +4 arc blade {discharge, rElec}
  2309 | D        | Found the +1 cloak of Starlight {rElec rC+ EV+4 Stlth--}
  2309 | D        | Killed an iron giant
  2310 | D        | Found a transporter.
  2355 | D        | Got the Catalogue of Contamination
  2364 | D        | Got the +1 pair of gloves "Cuvvetua" {rC- MP+9 Slay+3}
  2441 | D        | Entered arena 23.
  2448 | D        | Reached skill level 1 in Short Blades
  2448 | D        | Reached skill level 1 in Hexes
  2448 | D        | Reached skill level 5 in Short Blades
  2448 | D        | Reached skill level 5 in Hexes
  2449 | D        | Noticed a kraken
  2450 | D        | Noticed a kraken
  2450 | D        | Noticed a kraken
  2450 | D        | Noticed a kraken
  2451 | D        | Reached skill level 15 in Evocations
  2451 | D        | Killed a kraken
  2451 | D        | Killed a kraken
  2452 | D        | Found a transporter.
  2457 | D        | Killed a kraken
  2457 | D        | Reached XP level 18. HP: 116/129 MP: 30/35
  2457 | D        | Killed a kraken
  2475 | D        | Got the Volume of Earthen Aid
  2533 | D        | Entered arena 24.
  2539 | D        | Noticed a kraken
  2539 | D        | Noticed a kraken
  2539 | D        | Noticed a kraken
  2539 | D        | Noticed a kraken
  2540 | D        | Noticed a kraken
  2541 | D        | Found the +2 cloak of the Thief {+Fog Slay-2 SInv Stlth+}
  2541 | D        | Reached skill level 10 in Short Blades
  2541 | D        | Reached skill level 15 in Shields
  2541 | D        | Reached skill level 10 in Hexes
  2541 | D        | Killed a kraken
  2541 | D        | Killed a kraken
  2544 | D        | Found a transporter.
  2546 | D        | Killed a kraken
  2546 | D        | Killed a kraken
  2588 | D        | Killed a kraken
  2767 | D        | Entered arena 25.
  2772 | D        | Noticed a shard shrike
  2772 | D        | Noticed a shard shrike
  2773 | D        | Noticed a shard shrike
  2773 | D        | Noticed a shard shrike
  2773 | D        | a glowing shapeshifter changed into a shard shrike
  2773 | D        | Noticed a shard shrike
  2773 | D        | Noticed a titan
  2774 | D        | Noticed an acid blob
  2774 | D        | Noticed a titan
  2774 | D        | a shard shrike changed into a titan
  2774 | D        | Noticed a juggernaut
  2774 | D        | a shard shrike changed into a juggernaut
  2774 | D        | Noticed a titan
  2774 | D        | a shard shrike changed into a titan
  2775 | D        | Noticed a juggernaut
  2775 | D        | Noticed an iron giant
  2775 | D        | a juggernaut changed into an iron giant
  2775 | D        | Noticed a juggernaut
  2775 | D        | a titan changed into a juggernaut
  2776 | D        | Found the +8 mithril axe "Arga" {speed, MR+}
  2776 | D        | Reached skill level 15 in Hexes
  2776 | D        | Killed an acid blob
  2776 | D        | Killed a titan
  2776 | D        | Killed a juggernaut
  2776 | D        | Reached skill level 15 in Spellcasting
  2776 | D        | Reached XP level 19. HP: 128/139 MP: 38/38
  2776 | D        | Killed a titan
  2778 | D        | Noticed a titan
  2778 | D        | a juggernaut changed into a titan
  2780 | D        | Noticed a juggernaut
  2780 | D        | a shard shrike changed into a juggernaut
  2780 | D        | Noticed a shard shrike
  2780 | D        | a titan changed into a shard shrike
  2782 | D        | Noticed a caustic shrike
  2782 | D        | an iron giant changed into a caustic shrike
  2782 | D        | Noticed a titan
  2782 | D        | a juggernaut changed into a titan
  2782 | D        | Noticed a juggernaut
  2782 | D        | a shard shrike changed into a juggernaut
  2783 | D        | Noticed a shard shrike
  2783 | D        | a titan changed into a shard shrike
  2785 | D        | a caustic shrike changed into an alligator snapping turtle
  2785 | D        | Noticed a titan
  2785 | D        | a juggernaut changed into a titan
  2789 | D        | Killed a shard shrike
  2789 | D        | Noticed a juggernaut
  2789 | D        | a shard shrike changed into a juggernaut
  2796 | D        | Noticed a titan
  2796 | D        | a juggernaut changed into a titan
  2796 | D        | Noticed a juggernaut
  2796 | D        | a titan changed into a juggernaut
  2799 | D        | Noticed a shard shrike
  2799 | D        | a titan changed into a shard shrike
  2808 | D        | Noticed a juggernaut
  2808 | D        | a shard shrike changed into a juggernaut
  2808 | D        | Noticed a golden dragon
  2808 | D        | a juggernaut changed into a golden dragon
  2809 | D        | a golden dragon changed into an iron troll
  2810 | D        | Noticed a caustic shrike
  2810 | D        | a juggernaut changed into a caustic shrike
  2818 | D        | Killed a caustic shrike
  2826 | D        | Found a transporter.
  2846 | D        | Got the ring "Homuduso" {rCorr *Corrode Int+6}
  2951 | D        | Entered arena 26.
  2958 | D        | Noticed a deep elf blademaster
  2960 | D        | Noticed a deep elf blademaster
  2960 | D        | Noticed a deep elf blademaster
  2961 | D        | Noticed a deep elf blademaster
  2962 | D        | Found the +27 Lear's hauberk
  2962 | D        | Killed a deep elf blademaster
  2962 | D        | Killed a deep elf blademaster
  2964 | D        | Killed a deep elf blademaster
  2964 | D        | Reached XP level 20. HP: 131/150 MP: 41/42
  2970 | D        | Found a transporter.
  3002 | D        | Got the ring of Xyiblo {+Fly rPois MP+9 Str-4 Int+9}
  3052 | D        | Got the Grimoire of the Dark Snowflakes
  3079 | D        | Learned a level 3 spell: Inner Flame
  3079 | D        | Entered arena 27.
  3087 | D        | Noticed a Tzitzimitl
  3089 | D        | Reached skill level 1 in Fire Magic
  3089 | D        | Killed a Tzitzimitl
  3089 | D        | Reached skill level 5 in Fire Magic
  3091 | D        | Found the +5 robe of Night {Dark MR+ SInv}
  3095 | D        | Found a transporter.
  3118 | D        | Reached skill level 10 in Fire Magic
  3155 | D        | Got the ring "Zitucavy" {rElec AC+3}
  3170 | D        | Got the ring "Husmioc" {rF+ MR+ Dex+4 Slay+5}
  3176 | D        | Got the amulet of Beutz {*Corrode Regen+ Str+2 Stlth+}
  3187 | D        | Got the ring of Epta {*Drain rPois rF+ Dex+5}
  3197 | D        | Got the ring "Sagatuw" {Dex+4 Stlth-}
  3330 | D        | Entered arena 28.
  3341 | D        | Noticed Dichekk the pandemonium lord
  3341 | D        | Noticed an Ice Fiend
  3341 | D        | Noticed Dixikh the pandemonium lord
  3341 | D        | Noticed Ecoobu the pandemonium lord
  3341 | D        | Noticed Roarupp the pandemonium lord
  3341 | D        | Noticed Idi Anegg the pandemonium lord
  3341 | D        | Noticed Ucwuet the pandemonium lord
  3341 | D        | Noticed Loam the pandemonium lord
  3342 | D        | Noticed Hijo the pandemonium lord
  3342 | D        | Noticed Unlec the pandemonium lord
  3342 | D        | Noticed Jeti the pandemonium lord
  3342 | D        | Noticed Nyvepuaw the pandemonium lord
  3342 | D        | Noticed Qiufuwn the pandemonium lord
  3342 | D        | Noticed Fihoirr the pandemonium lord
  3342 | D        | Noticed Wayxygusk the pandemonium lord
  3342 | D        | Noticed Qeos the pandemonium lord
  3342 | D        | Noticed Fogill the pandemonium lord
  3342 | D        | Noticed Osadwunk the pandemonium lord
  3343 | D        | Killed Roarupp the pandemonium lord
  3343 | D        | Reached skill level 27 in Armour
  3343 | D        | Killed Dixikh the pandemonium lord
  3343 | D        | Killed Fihoirr the pandemonium lord
  3343 | D        | Killed an Ice Fiend
  3343 | D        | Killed Fogill the pandemonium lord
  3343 | D        | Noticed Sataxt the pandemonium lord
  3343 | D        | Noticed Dauculo the pandemonium lord
  3343 | D        | Noticed Foqiophi the pandemonium lord
  3344 | D        | Killed Ucwuet the pandemonium lord
  3344 | D        | Killed Dichekk the pandemonium lord
  3344 | D        | Reached XP level 21. HP: 160/160 MP: 45/45
  3344 | D        | Killed Qeos the pandemonium lord
  3344 | D        | Killed Qiufuwn the pandemonium lord
  3344 | D        | Reached skill level 15 in Fire Magic
  3344 | D        | Killed Nyvepuaw the pandemonium lord
  3344 | D        | Killed Ecoobu the pandemonium lord
  3344 | D        | Noticed Wuys the pandemonium lord
  3345 | D        | Noticed Anob the pandemonium lord
  3345 | D        | Killed Idi Anegg the pandemonium lord
  3345 | D        | Killed Hijo the pandemonium lord
  3345 | D        | Reached skill level 27 in Fighting
  3345 | D        | Killed Wayxygusk the pandemonium lord
  3345 | D        | Noticed Sathil the pandemonium lord
  3345 | D        | Noticed Viafoor the pandemonium lord
  3345 | D        | Noticed Beatt the pandemonium lord
  3345 | D        | Noticed Caesadgh the pandemonium lord
  3345 | D        | Noticed Haut the pandemonium lord
  3347 | D        | Noticed Ocoin the pandemonium lord
  3348 | D        | Killed Loam the pandemonium lord
  3348 | D        | Noticed Tobbaqif the pandemonium lord
  3349 | D        | Killed Caesadgh the pandemonium lord
  3349 | D        | Reached XP level 22. HP: 157/169 MP: 32/49
  3349 | D        | Killed Unlec the pandemonium lord
  3349 | D        | Reached skill level 27 in Hexes
  3349 | D        | Killed Sataxt the pandemonium lord
  3349 | D        | Reached skill level 27 in Dodging
  3349 | D        | Noticed Popiunie the pandemonium lord
  3350 | D        | Noticed Vileups the pandemonium lord
  3351 | D        | Noticed Pagaklao the pandemonium lord
  3353 | D        | Noticed Iptohuv the pandemonium lord
  3353 | D        | Noticed Ofont the pandemonium lord
  3354 | D        | Noticed Kuuqimn the pandemonium lord
  3355 | D        | Killed Dauculo the pandemonium lord
  3355 | D        | Reached skill level 27 in Evocations
  3362 | D        | Killed Wuys the pandemonium lord
  3362 | D        | Killed Beatt the pandemonium lord
  3362 | D        | Killed Viafoor the pandemonium lord
  3362 | D        | Killed Ocoin the pandemonium lord
  3363 | D        | Killed Jeti the pandemonium lord
  3363 | D        | Killed Ofont the pandemonium lord
  3363 | D        | Reached skill level 27 in Spellcasting
  3363 | D        | Killed Vileups the pandemonium lord
  3363 | D        | Killed Kuuqimn the pandemonium lord
  3363 | D        | Killed Anob the pandemonium lord
  3364 | D        | Noticed Ehoha the pandemonium lord
  3367 | D        | Killed Tobbaqif the pandemonium lord
  3367 | D        | Reached skill level 27 in Fire Magic
  3367 | D        | Reached skill level 5 in Stealth
  3367 | D        | Reached XP level 23. HP: 51/175 MP: 17/54
  3367 | D        | Killed Foqiophi the pandemonium lord
  3367 | D        | Reached skill level 5 in Throwing
  3367 | D        | Reached skill level 5 in Unarmed Combat
  3367 | D        | Killed Pagaklao the pandemonium lord
  3369 | D        | Noticed Nihiumi the pandemonium lord
  3373 | D        | Noticed Taph the pandemonium lord
  3377 | D        | Killed Sathil the pandemonium lord
  3377 | D        | Reached skill level 10 in Stealth
  3377 | D        | Killed Popiunie the pandemonium lord
  3377 | D        | Killed Taph the pandemonium lord
  3381 | D        | Noticed Eschaileu the pandemonium lord
  3381 | D        | Killed Qoluenops the pandemonium lord
  3381 | D        | Reached skill level 10 in Throwing
  3381 | D        | Reached skill level 10 in Unarmed Combat
  3381 | D        | Killed Osadwunk the pandemonium lord
  3381 | D        | Killed Haut the pandemonium lord
  3381 | D        | Noticed Faeshier the pandemonium lord
  3384 | D        | Killed Eschaileu the pandemonium lord
  3385 | D        | Killed Iptohuv the pandemonium lord
  3385 | D        | Reached skill level 15 in Stealth
  3390 | D        | Killed Faeshier the pandemonium lord
  3398 | D        | Killed Ehoha the pandemonium lord
  3409 | D        | Killed Nihiumi the pandemonium lord
  3467 | D        | Found a transporter.
  3476 | D        | Got the Catalogue of the Fifty Lives
  3494 | D        | Got the ring of the Invisible Hand {+Fly rN++ Dex+3}
  3509 | D        | Found the +3 Elemental Staff {rElec rF++ rC++ MR++ AC+5}
  3509 | D        | Got the ring "Zuxuzef" {Wiz rF- rN+ Str+3}
  3541 | D        | Learned a level 9 spell: Fire Storm
  3619 | D        | Got the Orb of Zot
  3657 | D        | Escaped with the Orb!

Vault maps used:
D:        sprint_v

Skill      XL: |  1  2  3  4  5  6  7  8  9 10 11 12 13 14 15 16 17 18 19 20 21 22 23 |
---------------+----------------------------------------------------------------------+-----
Armour         | 8 9 10 12 13 15 18 19 20 22 24 26 27 | 27.0
Long Blades    | 3 5 7 12 14 15 16 17 19 20 21 22 23 25 | 25.9
Dodging        | 2 4 5 7 8 9 11 14 15 17 18 20 21 24 26 27 | 27.0
Shields        | 4 7 8 10 14 17 22 | 22.6
Invocations    | 3 6 9 19 22 23 25 26 27 | 27.0
Fighting       | 4 9 13 15 17 19 21 23 25 27 | 27.0
Evocations     | 7 12 15 18 21 23 26 27 | 27.0
Spellcasting   | 11 13 15 18 20 23 27 | 27.0
Short Blades   | 9 13 | 13.0
Hexes          | 7 17 20 23 26 27 | 27.0
Fire Magic     | 14 18 27 | 27.0
Throwing       | 3 14 | 14.4
Stealth        | 5 17 | 17.9
Unarmed Combat | 3 14 | 14.3

Action                   |  1- 3 |  4- 6 |  7- 9 | 10-12 | 13-15 | 16-18 | 19-21 | 22-24 || total
-------------------------+-------+-------+-------+-------+-------+-------+-------+-------++-------
Melee: Double sword      |     6 |     5 |    48 |    84 |    62 |    42 |    14 |    23 ||   284
       Triple sword      |       |       |       |       |       |       |    60 |     4 ||    64
 Cast: Confuse           |       |       |       |       |       |     1 |       |       ||     1
Invok: Disaster Area     |       |       |     1 |     4 |     8 |    11 |     7 |    10 ||    41
       Upheaval          |       |       |     1 |     3 |       |     5 |     1 |       ||    10
Evoke: Wand              |       |     2 |     2 |     1 |       |       |       |       ||     5
       Sack of spiders   |       |       |       |       |       |     7 |       |       ||     7
  Use: Potion            |     1 |       |       |     3 |     4 |     3 |       |    13 ||    24
       Scroll            |       |       |     4 |     1 |     4 |    11 |    11 |       ||    31
  Eat: Ration            |       |       |       |     1 |       |     1 |       |     1 ||     3
       Chunk             |       |       |       |       |       |       |     1 |       ||     1
Armor: Plate armour      |     8 |    18 |    11 |     9 |     7 |       |       |       ||    53
       Gold dragon scale |       |       |       |       |       |    20 |    31 |    13 ||    64
Dodge: Dodged            |     1 |       |     1 |     3 |     4 |    16 |    23 |    13 ||    61
       Deflected         |       |       |       |       |       |     2 |     4 |     3 ||     9
Block: Shield            |    16 |    14 |    79 |    99 |    79 |   120 |   181 |    99 ||   687
       Reflection        |       |       |       |    12 |     2 |    15 |     7 |     3 ||    39
       Rpst.: Double sword |       |       |       |       |       |     4 |     1 |     2 ||     7
       Triple sword      |       |       |       |       |       |       |     1 |     1 ||     2

Table legend:
 A = Spawn XP
 B = Non-spawn XP
 C = Spawn XP percentage of total XP
 D = Spawn monster count
 E = Non-spawn monster count
 F = Spawn count percentage of total count
 G = Total turns spent on level
                    A         B        C        D         E        F      G
               +---------+---------+-------+---------+---------+-------+---------
         Total |       0 |  690414 |   0.0 |       0 |     515 |   0.0 |  3657
               +---------+---------+-------+---------+---------+-------+---------
             D |       0 |  690414 |   0.0 |       0 |     515 |   0.0 |  3657
               +---------+---------+-------+---------+---------+-------+---------
